 Dungeon Crawl Stone Soup version 0.31-a0-596-g831eee08f1 (webtiles) character file.

Game seed: 13471925173996487236

306 Zonian the Changeling (level 6, -4/47 HPs)
             Began as a Merfolk Shapeshifter on Aug 20, 2023.
             Slain by an ogre
             ... wielding a +0 giant spiked club
              (30 damage)
             ... on level 4 of the Dungeon.
             The game lasted 00:07:53 (5086 turns).

Zonian the Changeling (Merfolk Shapeshifter)        Turns: 5086, Time: 00:07:53

Health: -4/47      AC:  5    Str: 24    XL:     6   Next: 39%
Magic:  6/6        EV: 13    Int:  7    God:
Gold:   129        SH:  0    Dex: 14    Spells: 5/5 levels left

rFire   . .          .
                       - Unarmed
rCold   + . .        (no shield)
rNeg    . . .        l - +0 ring mail
rPois   .            (helmet currently unavailable)
rElec   .            (cloak currently unavailable)
rCorr   .            (gloves currently unavailable)
SInv    .            (boots currently unavailable)
Will    .....        (no amulet)
Stlth   +            p - ring of protection from cold
HPRegen 0.27/turn    r - +6 ring of strength
MPRegen 0.10/turn

%: no passive effects
@: beast-form
A: beast (slay +3), (nimble swimmer 2), mertail
a: Begin Untransformation


You were on level 4 of the Dungeon.
You were a hulking beast.
You visited 1 branch of the dungeon, and saw 4 of its levels.

You collected 129 gold pieces.

Inventory:

Hand Weapons
 f - a +0 antimagic dagger
Missiles
 e - 3 boomerangs
Armour
 a - a +0 animal skin
 l - a +0 ring mail (worn)
 o - a +2 cloak
Jewellery
 i - a ring of wizardry
 p - a ring of protection from cold (left hand)
 r - a +6 ring of strength (right hand)
Talismans
 c - a beast talisman (active)
 d - a flux talisman
Scrolls
 h - 3 scrolls of teleportation
 j - a scroll of blinking
Potions
 b - a potion of lignification
 g - 2 potions of resistance
 k - a potion of degeneration
 m - a potion of haste {unknown}
 n - a potion of curing {unknown}
 q - 2 potions of magic


   Skills:
 + Level 3.4 Fighting
 + Level 4.9 Dodging
 + Level 4.7 Unarmed Combat
 + Level 5.2 Shapeshifting


You had 5 spell levels left.
You didn't know any spells.
Your spell library contained the following spells:

 Spells                   Type           Power      Damage    Failure   Level
 Apportation              Tloc           0%         N/A       58%         1
 Blink                    Tloc           0%         N/A       73%         2
 Lesser Beckoning         Tloc           0%         N/A       73%         2
 Momentum Strike          Conj/Tloc      0%         3d8       73%         2
 Alistair's Intoxication  Tmut/Pois      0%         N/A       100%        5


Dungeon Overview and Level Annotations

Branches:
Dungeon (4/15)             Temple (0/1) D:4

Altars:
Ashenzari
Fedhas
Kikubaaqudgha
Sif Muna

Shops:
D:2 [

Annotations:
D:4 Natasha


Innate Abilities, Weirdness & Mutations

You are a hulking beast.
Your limbs bulge with bestial killing power. (Slay +3)
((You are very nimble when in or above water. (Stealth+, EV+, Speed+++)))
Your lower body shifts to a powerful aquatic tail in water.


Message History

You kill the endoplasm!
No target in view!
No target in view!
An ogre comes into view. It is wielding a +0 giant spiked club.
The ogre shouts!
Natasha, Servant of Life and Death comes into view.
Natasha hisses angrily.
Natasha casts a spell.
As you read the scroll of teleportation, it crumbles to dust.
You feel strangely unstable.
A black bear comes into view.
The ogre attacks as it pursues you! The ogre barely misses you.
Your surroundings suddenly seem different.
Unknown command.
You open the door.
Found a stone staircase leading down.
There is an open door here.
Unknown command.
There is a stone staircase leading down here.
You open the door.
There is an open door here.
You open the door.
There is an open door here.
There is an open door here.
There is an open door here.
You open the door.
The ogre shouts!
There is an open door here.
Okay, then.
Okay, then.
Okay, then.
Okay, then.
The ogre hits you with a +0 giant spiked club!!
You hit the ogre.
The ogre is lightly wounded.
You punch the ogre!
The ogre is severely wounded.
The ogre hits you with a +0 giant spiked club!!
Ouch! That really hurt!
You die...

############### ################
#.............. ................
#.............. ................
#.............. ..(............<
#.............. ......##.....##.
#..............
......##.....##+###......#####...
.#######.....#....#......# #...
.##...##.....#..h.#......# #...
.............#..O.#......# #...
......#########...#......# #...
......##.....##...#......# ##...
......'......##...#####'##..#####
.##...##.............'.......#
.##...##.............#.......#
.##...#......>.......#.......#
###...###########+##'#########


You could see an ogre.

Vanquished Creatures
  An ogre (D:4)
  A howler monkey (D:4)
  A jelly (D:3)
  3 gnolls (D:2)
  5 adders
  3 worms (D:2)
  2 dart slugs (D:2)
  5 orcs (D:3)
  4 ball pythons
  2 bat zombies (D:3)
  6 endoplasms
  A giant cockroach (D:4)
  6 goblins
  5 hobgoblins
  6 jackals
  A quokka (D:3)
  A bat (D:1)
  3 frilled lizards
  5 kobolds
  2 rats
63 creatures vanquished.

Notes
Turn   | Place    | Note
-------+----------+-------------------------------------------
     0 | D:1      | Zonian the Merfolk Shapeshifter began the quest for the
                  | Orb.
     0 | D:1      | Reached XP level 1. HP: 15/15 MP: 1/1
   352 | D:1      | Reached XP level 2. HP: 4/21 MP: 2/2
  1485 | D:2      | Reached XP level 3. HP: 22/27 MP: 3/3
  2160 | D:2      | Reached XP level 4. HP: 6/33 MP: 4/4
  2807 | D:2      | Found Xizy's Armour Boutique.
  3100 | D:3      | Found a broken altar of Ashenzari.
  3140 | D:3      | Found a faded altar of an unknown god.
  3315 | D:3      | Found a blossoming altar of Fedhas.
  3329 | D:3      | Reached XP level 5. HP: 36/39 MP: 5/5
  4259 | D:3      | Found an ancient bone altar of Kikubaaqudgha.
  4340 | D:4      | Reached skill level 5 in Shapeshifting
  4477 | D:4      | Noticed an ogre
  4487 | D:4      | Killed an ogre
  4488 | D:4      | Reached XP level 6. HP: 47/47 MP: 6/6
  4880 | D:4      | Found a shimmering blue altar of Sif Muna.
  4982 | D:4      | Found a staircase to the Ecumenical Temple.
  4994 | D:4      | Noticed Natasha
  4997 | D:4      | Noticed a black bear
  5086 | D:4      | Slain by an ogre

Illustrated notes

Levels and vault maps discovered:
D:1:      dpeg_chamrin_arrival_tetris, layout_basic
D:2:      layout_basic, serial_shops, nicolae_lakefront_shop,
          minmay_misc_feat_four_crosses
D:3:      layout_basic, mainiacjoe_overflow_chevrons,
          lemuel_zombie_altar_kikubaaqudgha,
          mainiacjoe_overflow_six_doors_small, shapermc_ecumenical_altar_gd
D:4:      layout_gridville, lemuel_doored_altar, minmay_temple_entry_wispy,
          serial_glass, glass_columns_a, glass_columns_a, uniq_natasha

Skill      XL: |  1  2  3  4  5 |
---------------+----------------+-----
Dodging        | 3 4 |  4.9
Fighting       | 2 3 |  3.4
Unarmed Combat | 4 |  4.7
Shapeshifting  | 5 |  5.2

Action                     |  1- 3 |  4- 6 || total
---------------------------+-------+-------++-------
  Melee: Unarmed           |    86 |    80 ||   166
         Punch             |     3 |     3 ||     6
    Use: Scroll            |       |     9 ||     9
         Potion            |       |     1 ||     1
   Stab: Sleeping          |     1 |       ||     1
 Armour: Animal skin       |     5 |       ||     5
         Ring mail         |     3 |    15 ||    18
  Dodge: Dodged            |    41 |    42 ||    83

Table legend: (Time is in decaauts)
 A = Elapsed time spent in this place.
 B = Non-inter-level travel time spent in this place.
 C = Inter-level travel time spent in this place.
 D = Time resting spent in this place.
 E = Time spent auto-exploring this place.
 F = Levels seen in this place.
 G = Mean time per level.
                   A        B        C        D        E       F      G
               +--------+--------+--------+--------+--------+-----+--------+
         Total |   5070 |   4990 |     80 |   2595 |   1680 |   4 | 1267.5 |
       Dungeon |   5070 |   4990 |     80 |   2595 |   1680 |   4 | 1267.5 |
               +--------+--------+--------+--------+--------+-----+--------+

Top non-repeatable levels by time:
     D:2: 1599 daAuts
     D:1: 1453 daAuts
     D:3: 1223 daAuts
     D:4: 794 daAuts
